 Dungeon Crawl Stone Soup version 0.30-a0-782-ge64f9170bb (webtiles) character file.

Game seed: 5725180393881608497

265 timneilson the Shield-Bearer (level 6, -4/38 HPs)
             Began as a Gargoyle Fighter on Feb 18, 2023.
             Killed from afar by an orc wizard (12 damage)
             ... with a puff of flame
             ... on level 3 of the Dungeon.
             The game lasted 00:03:40 (1948 turns).

timneilson the Shield-Bearer (Gargoyle Fighter)     Turns: 1948, Time: 00:03:41

Health: -4/38      AC: 11    Str: 20    XL:     6   Next: 20%
Magic:  6/6        EV: 14    Int:  8    God:
Gold:   106        SH:  5    Dex: 11    Spells: 5/5 levels left

rFire   . . .      SeeInvis .    a - +1 long sword
rCold   . . .      Faith    .    c - +0 buckler
rNeg    + . .      Spirit   .    b - +0 scale mail
rPois   ∞          Reflect  .    (no helmet)
rElec   +          Harm     .    (no cloak)
rCorr   .          Rampage  .    (no gloves)
Will    .....                    (no boots) Stlth
                                 (no amulet)
HPRegen 0.26/turn                f - +5 ring of evasion
MPRegen 0.10/turn                i - ring of flight

@: attractive, flying
A: sickness immunity, AC +4, negative energy resistance 1, electricity
resistance, torment resistance 1, petrification resistance
a: no special abilities


You were on level 3 of the Dungeon.
You visited 1 branch of the dungeon, and saw 3 of its levels.

You collected 106 gold pieces.

Inventory:

Hand Weapons
 a - a +1 long sword (weapon)
Armour
 b - a +0 scale mail (worn)
 c - a +0 buckler (worn)
Jewellery
 f - a +5 ring of evasion (left hand)
 i - a ring of flight (right hand)
Scrolls
 h - 3 scrolls of identify
Potions
 d - a potion of might
 g - a potion of brilliance


   Skills:
 + Level 3.9 Fighting
 * Level 3.2 Long Blades
 * Level 4.6 Armour
 + Level 1.3 Dodging
 * Level 4.7 Shields


You had 5 spell levels left.
You didn't know any spells.
Your spell library contained the following spells:

 Spells                   Type           Power      Damage    Failure   Level
 Ignite Poison            Fire/Tmut/Pois 0%         N/A       99%         3
 Sticky Flame             Conj/Fire      0%         2d3       100%        4
 Ignition                 Fire           0%         3d3       100%        8


Dungeon Overview and Level Annotations

Branches:
Dungeon (3/15)

Altars:


Innate Abilities, Weirdness & Mutations

You are immune to sickness and miasma.
Your stone body is resilient. (AC +4)
You are immune to poison.
You resist negative energy. (rN+)
You are resistant to electric shocks. (rElec)
You are resistant to unholy torment.
You are immune to petrification.


Message History

You miss the frilled lizard. The frilled lizard barely misses you.
You closely miss the frilled lizard.
The frilled lizard bites you but does no damage.
The frilled lizard barely misses you.
You barely miss the frilled lizard.
The frilled lizard bites you but does no damage.
You miss the frilled lizard. The frilled lizard bites you.
You slash the frilled lizard!
You kill the frilled lizard!
You hit the orc.
The orc is lightly wounded.
You closely miss something. Something hits you but does no damage.
You miss something. Something hits you but does no damage.
You completely miss something. Something hits you but does no damage.
You completely miss something.
You hear some strange, mumbled words.
A magic dart appears from out of thin air!
The magic dart hits you. Something barely misses you.
You miss something. Something hits you but does no damage.
You miss something.
You hear some strange, mumbled words.
A puff of flame appears from out of thin air!
The puff of flame hits you.
* * * LOW HITPOINT WARNING * * *
You hit something. Something hits you but does no damage.
You hear some strange, mumbled words.
A puff of flame appears from out of thin air!
The puff of flame hits you!
* * * LOW HITPOINT WARNING * * *
You barely miss something.
You hear some strange, mumbled words.
Something tries to affect you, but you resist.
You hit something but do no damage. Something hits you but does no damage.
You feel better. You block something's attack.
It was a potion of attraction.
You feel attractive to monsters.
You hear some strange, mumbled words.
A puff of flame appears from out of thin air!
The puff of flame hits you!
You die...

#. .. .# .# ####.# ...##....
..... ......oo# ..... ##.#{#
..... #..#@# .....## ##.##.#
##..>.# ##..##.# ########
......#####..>...# #.......
..###..#........## #.(.....
......††........# #.......
........).......## ###.......
.......)...#.....#######.........
.........)...............#.......


You could see 2 orcs.

Vanquished Creatures
  A phantom (D:3)
  An orc priest (D:3)
  Jessica (D:2)
  4 adders
  2 worms (D:2)
  A dart slug (D:1)
  4 orcs (D:3)
  8 ball pythons
  3 bats
  3 endoplasms
  4 giant cockroaches
  10 goblins
  6 hobgoblins
  7 jackals
  11 kobolds
  3 quokkas
  6 frilled lizards
  8 rats
83 creatures vanquished.

Notes
Turn   | Place    | Note
-------+----------+-------------------------------------------
     0 | D:1      | timneilson the Gargoyle Fighter began the quest for the
                  | Orb.
     0 | D:1      | Reached XP level 1. HP: 14/14 MP: 1/1
    87 | D:1      | Reached XP level 2. HP: 18/19 MP: 2/2
   419 | D:1      | Reached XP level 3. HP: 20/23 MP: 3/3
   941 | D:2      | Reached XP level 4. HP: 28/28 MP: 4/4
   982 | D:2      | Noticed Jessica
   994 | D:2      | Killed Jessica
  1342 | D:2      | Reached XP level 5. HP: 32/32 MP: 5/5
  1488 | D:3      | Noticed a phantom
  1519 | D:3      | Killed a phantom
  1520 | D:3      | Reached skill level 1 in Dodging
  1619 | D:3      | Reached XP level 6. HP: 16/38 MP: 6/6
  1635 | D:3      | Found a faded altar of an unknown god.
  1948 | D:3      | Killed from afar by an orc wizard

Illustrated notes

Levels and vault maps discovered:
D:1:      minmay_arrival_wavy_path, layout_basic, grunt_decor_cap
D:2:      layout_rooms, grunt_ministairs_2, uniq_jessica
D:3:      layout_rooms, chequers_ecumenical_altar_simple_redux

Skill      XL: |  1  2  3  4  5 |
---------------+----------------+-----
Long Blades    | 2 3 |  3.2
Armour         | 4 |  4.6
Shields        | 4 |  4.7
Dodging        | 1 |  1.3
Fighting       | |  3.9

Action                     |  1- 3 |  4- 6 || total
---------------------------+-------+-------++-------
  Melee: Long sword        |   148 |   193 ||   341
    Use: Scroll            |     4 |     3 ||     7
         Potion            |       |     2 ||     2
 Armour: Scale mail        |    79 |    83 ||   162
  Dodge: Dodged            |   102 |   168 ||   270
  Block: Buckler           |    37 |    63 ||   100

Table legend: (Time is in decaauts)
 A = Elapsed time spent in this place.
 B = Non-inter-level travel time spent in this place.
 C = Inter-level travel time spent in this place.
 D = Time resting spent in this place.
 E = Time spent auto-exploring this place.
 F = Levels seen in this place.
 G = Mean time per level.
                   A        B        C        D        E       F      G
               +--------+--------+--------+--------+--------+-----+--------+
         Total |   2052 |   2007 |     45 |      0 |   1330 |   3 |  684.0 |
       Dungeon |   2052 |   2007 |     45 |      0 |   1330 |   3 |  684.0 |
               +--------+--------+--------+--------+--------+-----+--------+

Top non-repeatable levels by time:
     D:1: 911 daAuts
     D:2: 610 daAuts
     D:3: 530 daAuts
